 Dungeon Crawl Stone Soup version 0.26.0-11-g8f856b5395 (webtiles) character file.

Game seed: 3792222897225828450

2 Froggeryz the Sneak (level 1, 0/19 HPs)
             Began as a Ghoul Delver on Jan 15, 2021.
             Slain by an orc priest
             ... wielding a +0 club
              (2 damage)
             ... on level 4 of the Dungeon.
             The game lasted 00:00:49 (189 turns).

Froggeryz the Sneak (Ghoul Delver)                   Turns: 189, Time: 00:00:51

Health: 0/19       AC:  5    Str: 15    XL:     1   Next: 30%
Magic:  0/0        EV: 11    Int:  5    God:
Gold:   0          SH:  0    Dex: 10    Spells: 0/0 levels left

rFire    . . .     SeeInvis .   a - +4 whip of Inuin {vorpal, rPois rC+ rN+ Stlth+}
rCold    + + .     Faith    .   (no shield)
rNeg     + + +     Spirit   .   g - +0 ring mail
rPois    ∞         Reflect  .   (no helmet)
rElec    .         Harm     .   (no cloak)
rCorr    .         Rampage  .   (no gloves)
Will     .....                  (no boots)
Stlth    +++.......             (no amulet)
HPRegen  0.00/turn              (no ring)
MPRegen  0.07/turn              (no ring)

@: no status effects
A: claws 1, cold resistance 1, negative energy resistance 3, inhibited
regeneration, torment resistance, unbreathing
a: no special abilities


You were on level 4 of the Dungeon.
You visited 1 branch of the dungeon, and saw 2 of its levels.

Inventory:

Hand Weapons
 a - the +4 whip of Inuin (weapon) {vorpal, rPois rC+ rN+ Stlth+}
   (You found it on level 4 of the Dungeon)

   It inflicts extra damage upon your enemies.
   It protects you from cold.
   It protects you from poison.
   It protects you from negative energy.
   It makes you more stealthy.
Armour
 g - a +0 ring mail (worn)
Wands
 f - a wand of digging (3)
Scrolls
 b - a scroll of fog
 c - a scroll of magic mapping


   Skills:
 - Level 3.2 Fighting
 - Level 1.7 Dodging
 - Level 5.4 Stealth
 * Level 2.4 Unarmed Combat


You couldn't memorise any spells.
You didn't know any spells.
Your spell library was empty.

Dungeon Overview and Level Annotations

Branches:
Dungeon (5/15)
 Temple: D:4-7

Altars:


Innate Abilities, Weirdness & Mutations

You thrive by killing the living.
You are immune to poison.
You have sharp fingernails.
Your flesh is cold resistant. (rC+)
You are immune to negative energy. (rN+++)
You do not regenerate when monsters are visible.
You are immune to unholy pain and torment.
You can survive without breathing.


Message History

The orc closely misses you.
You barely miss the orc priest.
The orc priest is moderately wounded.
The orc priest closely misses you. The orc hits you but does no damage.
You hit the orc priest.
The orc priest is heavily wounded.
The orc priest begins to cast a cantrip, but forgets the words!
The orc completely misses you. The orc priest misses you.
You hit the orc priest.
The orc priest is severely wounded.
The orc barely misses you. The orc priest hits you with a +0 club.
* * * LOW HITPOINT WARNING * * *
You hit the orc priest but do no damage.
The orc priest is severely wounded.
The orc closely misses you.
The orc priest hits you but does no damage.
You hit the orc priest.
The orc priest is almost dead.
The orc barely misses you. The orc priest hits you with a +0 club.
You die...

#....#...#....# #.....
#....#...#.h..+ #...o.
#.####...#....# +.....
#...#....#?...####..... #.
#...#....#......h.....#
#..#.h.#....#............#
#..##..##...#............#
###.[##h###)..#............#
.........##@..#....#########
.........##oo.######...#
.......................#
...........(...........#
#+#####..##.......##..##
#..##.......##..#####
....##...##...#..##..##
#....##...##..##.......#
#....##...##..##.......#


You could see an orc priest and an orc.

Vanquished Creatures
  An orc (D:4)
1 creature vanquished.

Notes
Turn   | Place    | Note
-------+----------+-------------------------------------------
     0 | D:5      | Froggeryz the Ghoul Delver began the quest for the Orb.
     0 | D:5      | Reached XP level 1. HP: 19/19 MP: 0/0
    83 | D:5      | Noticed a hound
    90 | D:4      | Noticed a hound
   105 | D:4      | Noticed an orc priest
   145 | D:4      | Noticed a worker ant
   157 | D:4      | Got a bloodstained whip
   161 | D:4      | Noticed an orc priest
   180 | D:4      | Identified the +4 whip of Inuin {vorpal, rPois rC+ rN+
                  | Stlth+} (You found it on level 4 of the Dungeon)
   189 | D:4      | Slain by an orc priest

Illustrated notes

Levels and vault maps discovered:
D:4:      layout_gridville
D:5:      layout_basic, minmay_temple_entry_stoned_glass,
          hangedman_abyss_or_decor_passed

Action                   || total
-------------------------++-------
Melee: Whip              ||     9
       Unarmed           ||     5
  Use: Scroll            ||     1
       Potion            ||     1
Armor: Ring mail         ||     8
Dodge: Dodged            ||    15
